 Dungeon Crawl Stone Soup version 0.24-a0-244-ga6a6ab7d13 (webtiles) character file.

Game seed: 16153941850460784395

1372771 EnegeticOcto the Scorcher (level 27, 184/184 HPs)
             Began as a Tengu Fire Elementalist on Apr 11, 2019.
             Was a High Priest of Sif Muna.
             Escaped with the Orb
             ... and 3 runes!
             The game lasted 04:46:54 (112706 turns).

EnegeticOcto the Scorcher (TeFE)                  Turns: 112706, Time: 04:46:55

Health: 184/184    AC: 26    Str:  8 (9)  XL:     27
Magic:  43/43      EV: 21    Int: 35      God:    Sif Muna [*****.]
Gold:   4688       SH: 20    Dex: 11 (13) Spells: 10/66 levels left

rFire    + + +     SeeInvis .   X - +11 hunting sling of Analysis {freeze, rF+ Int+5 Dex-3}
rCold    + . .     Gourm    .   Z - +5 shield "Xuamn" {rF+ Str+4}
rNeg     + . .     Faith    .   M - quicksilver dragon scales
rPois    +         Spirit   .   I - +2 hat
rElec    +         Reflect  +   n - +1 cloak of Starlight {rElec rC+ EV+4 Stlth--}
rCorr    .         Harm     .   h - +2 pair of gloves
MR       ++++.                  (boots unavailable)
Stlth    ..........             L - amulet of Iretwadd {Reflect rF+ Int+4 SH+3}
HPRegen  0.40/turn              B - ring of Qerevvi {rPois rN+ MR+ Str-3 Stlth+}
MPRegen  0.28/turn              u - +5 ring of protection

@: flying quickly and evasively, quick
A: beak, claws 1, talons 3, rugged brown scales 1, low mp 1, electricity
resistance, [weak 1], no potion heal 1, subdued magic 1, able to fly
0: Orb of Zot
}: 3/15 runes: decaying, silver, gossamer
a: Stop Flying, Divine Energy, Channel Magic, Forget Spell, Renounce Religion


You escaped.
You worshipped Sif Muna.
Sif Muna was extremely pleased with you.
You were very full.

You visited 10 branches of the dungeon, and saw 50 of its levels.
You visited the Abyss 1 time.
You also visited: Sewer and Gauntlet.

You collected 8626 gold pieces.
You spent 3938 gold pieces at shops.

Inventory:

Hand Weapons
 X - the +11 hunting sling of Analysis (weapon) {freeze, rF+ Int+5 Dex-3}
   (You took it off a minotaur in a Gauntlet)

   It causes projectiles fired from it to freeze those they strike, causing
   extra injury to most foes and up to half again as much damage against
   particularly susceptible opponents.
   They can also slow down cold-blooded creatures.
   It affects your intelligence (+5).
   It affects your dexterity (-3).
   It protects you from fire.
Missiles
 c - 1198 stones
 F - a throwing net (quivered) {!f}
Armour
 h - a +2 pair of gloves (worn)
 n - the +1 cloak of Starlight (worn) {rElec rC+ EV+4 Stlth--}
   (You found it on level 3 of the Elven Halls)

   It affects your evasion (+4).
   It protects you from cold.
   It insulates you from electricity.
   It makes you much less stealthy.
 I - a +2 hat (worn)
 M - quicksilver dragon scales (worn)
 Z - the +5 shield "Xuamn" (worn) {rF+ Str+4}
   (You took it off a minotaur in a Gauntlet)

   It affects your strength (+4).
   It protects you from fire.
Magical Staves
 o - an uncursed staff of wizardry
Jewellery
 u - a +5 ring of protection (right hand)
 B - the ring of Qerevvi (left hand) {rPois rN+ MR+ Str-3 Stlth+}
   (You took it off a minotaur in a Gauntlet)

   [ring of stealth]

   It affects your strength (-3).
   It protects you from poison.
   It protects you from negative energy.
   It affects your resistance to hostile enchantments.
   It makes you more stealthy.
 D - a +3 ring of intelligence {unknown}
 L - the amulet of Iretwadd (around neck) {Reflect rF+ Int+4 SH+3}
   (You found it on level 4 of the Vaults)

   [amulet of reflection]

   It shields you and reflects attacks.
   It affects your intelligence (+4).
   It protects you from fire.
   It affects your SH (+3).
 O - an uncursed ring of resist corrosion
Wands
 a - a wand of digging (1)
 i - a wand of enslavement (16)
 k - a wand of acid (18)
 t - a wand of disintegration (20)
 z - a wand of scattershot (8)
 G - a wand of clouds (2)
Scrolls
 d - 5 scrolls of amnesia
 g - 16 scrolls of enchant armour
 j - 34 scrolls of remove curse {@r2}
 l - 10 scrolls of teleportation {@r3 !r}
 p - 4 scrolls of blinking {@r4}
 w - 7 scrolls of fear {!r}
 x - a scroll of magic mapping {@r5 !r}
 C - 7 scrolls of fog {!r}
 H - 8 scrolls of immolation
 K - 2 scrolls of identify {@r1}
Potions
 b - 5 potions of brilliance
 f - 16 potions of curing {@q1}
 q - 6 potions of haste {@q4 !q}
 s - 6 potions of ambrosia
 v - 5 potions of mutation
 Q - 9 potions of lignification {@q6}
 R - 2 potions of cancellation
 T - 4 potions of might {@q3 !q}
 U - 3 potions of invisibility
 W - 4 potions of berserk rage
 Y - 2 potions of agility {@q5 !q}
Miscellaneous
 r - 2 boxes of beasts
 y - a lamp of fire
 J - a phantom mirror
 N - 2 sacks of spiders
 V - a phial of floods
Comestibles
 e - 24 rations


   Skills:
 + Level 19.9 Fighting
 - Level 10.0 Armour
 - Level 10.0 Dodging
 - Level 2.0 Stealth
 - Level 15.0 Shields
 - Level 20.0 Spellcasting
 - Level 20.0 Conjurations
 - Level 16.5 Summonings
 - Level 3.0 Transmutations
 - Level 20.0 Fire Magic
   Level 4.0 Ice Magic
 - Level 10.1 Air Magic
 - Level 8.0 Earth Magic
 - Level 10.0 Invocations


You had 10 spell levels left.
You knew the following spells:

 Your Spells              Type           Power        Failure   Level  Hunger
a - Iron Shot             Conj/Erth      #######...   1%          6    None
b - Bolt of Fire          Conj/Fire      #######...   1%          6    None
c - Spellforged Servitor  Conj/Summ      #######...   1%          7    None
d - Ignition              Fire           #######...   2%          8    ####...
e - Orb of Destruction    Conj           #######...   1%          7    None
f - Irradiate             Conj/Tmut      ######....   1%          5    None
g - Deflect Missiles      Chrm/Air       ######....   34%         6    None
h - Passwall              Tmut/Erth      ######..     1%          2    None
i - Shadow Creatures      Summ           N/A          1%          6    None
j - Apportation           Tloc           ####..       1%          1    None
O - Blink                 Tloc           N/A          2%          2    None

Your spell library contained the following spells:

 Spells                   Type           Power        Failure   Level  Hunger
 Flame Tongue             Conj/Fire      #####        0%          1    None
 Magic Dart               Conj           ####         0%          1    None
 Shock                    Conj/Air       ####         0%          1    None
 Summon Butterflies       Summ           #######.     0%          1    None
 Summon Small Mammal      Summ           ####         0%          1    None
 Call Imp                 Summ           #######.     0%          2    None
 Searing Ray              Conj           ######       0%          2    None
 Throw Flame              Conj/Fire      ######       0%          2    None
 Throw Frost              Conj/Ice       ######       0%          2    None
 Call Canine Familiar     Summ           #######.     0%          3    None
 Conjure Flame            Conj/Fire      #######.     0%          3    None
 Static Discharge         Conj/Air       #######.     0%          3    None
 Stone Arrow              Conj/Erth      ######       0%          3    None
 Iskenderun's Mystic Bla  Conj           #######.     0%          4    None
 Sticky Flame             Conj/Fire      #######.     0%          4    None
 Fireball                 Conj/Fire      #######...   0%          5    None
 Animate Skeleton         Necr           N/A          1%          1    None
 Beastly Appendage        Tmut           #####.       1%          1    None
 Confusing Touch          Hex            ####..       1%          1    None
 Corona                   Hex            ####...      1%          1    None
 Freeze                   Ice            ####         1%          1    None
 Pain                     Necr           ####         1%          1    None
 Sandblast                Erth           ######       1%          1    None
 Sting                    Conj/Pois      ####         1%          1    None
 Ensorcelled Hibernation  Hex/Ice        #####.       1%          2    None
 Poisonous Vapours        Pois/Air       ######       1%          2    None
 Sticks to Snakes         Tmut           #####...     1%          2    None
 Swiftness                Chrm/Air       ######..     1%          2    None
 Dazzling Spray           Conj/Hex       ######       1%          3    None
 Ignite Poison            Fire/Tmut/Pois ######..     1%          3    None
 Inner Flame              Hex/Fire       ######..     1%          3    None
 Mephitic Cloud           Conj/Pois/Air  ######..     1%          3    None
 Ozocubu's Armour         Chrm/Ice       #####...     1%          3    None
 Recall                   Summ/Tloc      N/A          1%          3    None
 Summon Guardian Golem    Hex/Summ       ######..     1%          3    None
 Force Lance              Conj/Tloc      ######..     1%          4    None
 Fulminant Prism          Conj/Hex       ######....   1%          4    None
 Petrify                  Tmut/Erth      ######..     1%          4    None
 Summon Ice Beast         Ice/Summ       ######..     1%          4    None
 Summon Lightning Spire   Summ/Air       #######.     1%          4    None
 Throw Icicle             Conj/Ice       #######.     1%          4    None
 Aura of Abjuration       Summ           #######...   1%          5    None
 Bolt of Draining         Conj/Necr      ######....   1%          5    None
 Bolt of Magma            Conj/Fire/Erth #######...   1%          5    None
 Iskenderun's Battlesphe  Conj/Chrm      ######..     1%          5    None
 Lee's Rapid Deconstruct  Erth           ######....   1%          5    None
 Lightning Bolt           Conj/Air       #######...   1%          5    None
 Summon Demon             Summ           #######...   1%          5    None
 Summon Forest            Summ/Tloc      ######....   1%          5    None
 Summon Mana Viper        Hex/Summ       ######..     1%          5    None
 Venom Bolt               Conj/Pois      ######....   1%          5    None
 Bolt of Cold             Conj/Ice       #######...   1%          6    None
 Conjure Ball Lightning   Conj/Air       #######...   1%          6    None
 Monstrous Menagerie      Summ           #######...   1%          7    None
 Summon Greater Demon     Summ           #######...   1%          7    None
 Summon Hydra             Summ           #######...   1%          7    None
 Corpse Rot               Necr           N/A          2%          2    None
 Shroud of Golubria       Chrm/Tloc      ####......   2%          2    None
 Slow                     Hex            ####....     2%          2    None
 Sublimation of Blood     Necr           ####......   2%          2    None
 Spider Form              Tmut/Pois      #####.....   2%          3    None
 Freezing Cloud           Conj/Ice/Air   ######....   2%          6    None
 Ice Form                 Ice/Tmut       #####...     3%          4    None
 Leda's Liquefaction      Hex/Erth       #####.....   3%          4    None
 Confuse                  Hex            ####....     4%          3    None
 Gell's Gravitas          Tloc           ####......   4%          3    None
 Lesser Beckoning         Tloc           ####......   4%          3    None
 Portal Projectile        Hex/Tloc       ####..       4%          3    None
 Regeneration             Chrm/Necr      ####......   4%          3    None
 Spectral Weapon          Hex/Chrm       ####....     4%          3    None
 Teleport Other           Tloc           ####....     4%          3    None
 Tukima's Dance           Hex            ####....     4%          3    None
 Vampiric Draining        Necr           ####......   4%          3    None
 Poison Arrow             Conj/Pois      ######....   4%          6    None
 Silence                  Hex/Air        ######....   6%          5    None
 Borgnjor's Vile Clutch   Necr/Erth      #####.....   10%         5    None
 Summon Horrible Things   Summ           #######...   13%         8    ####...
 Blade Hands              Tmut           #####.....   14%         5    None
 Animate Dead             Necr           N/A          19%         4    None
 Cause Fear               Hex            ####......   19%         4    None
 Olgreb's Toxic Radiance  Pois           ####....     19%         4    None
 Metabolic Englaciation   Hex/Ice        #####.....   22%         5    None
 Chain Lightning          Conj/Air       #######...   24%         8    ####...
 Ring of Flames           Chrm/Fire      ######....   26%         7    None
 Alistair's Intoxication  Tmut/Pois      #####...     28%         5    None
 Yara's Violent Unravell  Hex/Tmut       #####.....   28%         5    None
 Statue Form              Tmut/Erth      ######...    30%         6    None
 Lehudib's Crystal Spear  Conj/Erth      #######...   36%         8    ####...
 Excruciating Wounds      Chrm/Necr      ####......   47%         5    None
 Haunt                    Necr/Summ      ######....   47%         7    None
 Malign Gateway           Summ/Tloc      ######....   47%         7    None
 Fire Storm               Conj/Fire      #######...   47%         9    #####..
 Ozocubu's Refrigeration  Ice            #####.....   50%         6    None
 Hydra Form               Tmut           #####.....   63%         6    None
 Simulacrum               Ice/Necr       #####.....   78%         6    None
 Dragon's Call            Summ           #######...   92%         9    #####..
 Darkness                 Hex            ####......   96%         6    None
 Death Channel            Necr           ####......   96%         6    None
 Dispersal                Tloc           ####......   96%         6    None
 Invisibility             Hex            ####....     96%         6    None
 Dragon Form              Tmut           #####.....   99%         7    None
 Controlled Blink         Tloc           N/A          100%        8    ####...
 Death's Door             Chrm/Necr      ####......   100%        8    ####...
 Discord                  Hex            ####......   100%        8    ####...
 Glaciate                 Conj/Ice       #######...   100%        9    #####..
 Shatter                  Erth           ######....   100%        9    #####..
 Tornado                  Air            ######....   100%        9    #####..
 Passage of Golubria      Tloc           Unusable     N/A         4    N/A

Dungeon Overview and Level Annotations

Branches:
Dungeon (15/15)            Temple (1/1) D:6            Lair (6/6) D:9
  Swamp (4/4) Lair:4       Spider (4/4) Lair:4        Slime (0/5) Lair:6
    Orc (2/2) D:10            Elf (3/3) Orc:2        Vaults (5/5) D:13
  Crypt (0/3) Vaults:2     Depths (5/5) D:15            Zot (5/5) Depths:5

Altars:
Ashenzari
Cheibriados
Dithmenos
Elyvilon
Fedhas
Gozag
Hepliaklqana
Kikubaaqudgha
Makhleb
Nemelex Xobeh
Okawaru
Qazlal
Ru
Sif Muna
Trog
Uskayaw
Vehumet
Wu Jian
Xom
Yredelemnul
Zin
The Shining One
Beogh

Shops:
D:4 =   D:12 [   Orc:2 }!=[(   Elf:1 !   Vaults:3 [   Vaults:4 ?   Vaults:5 [
Depths:2 =}=(

Portals:
Hell: Depths:1 Depths:2 Depths:3 Depths:4 Depths:5
Abyss: Depths:3 Depths:4
Pandemonium: Depths:2 Depths:3 Depths:4
Ziggurat: Depths:3

Annotations:
Lair:1 exclusion: oklob plant
Elf:2 3 runed translucent doors
Vaults:2 3 runed translucent doors, Taschum's ghost, adept DrAK
Depths:2 2 transporters
Depths:5 exclusion: 4 doors
Zot:2 1 exclusion
Zot:3 2 transporters, Kitaqa's ghost, master GrBe


Innate Abilities, Weirdness & Mutations

You have a beak for a mouth.
You have claws for feet.
You can fly continuously.
You have sharp fingernails.
You are partially covered in rugged brown scales. (AC +1, +3% HP)
Your magical capacity is low. (-10% MP)
You are resistant to electric shocks. (rElec)
Potions are less effective at restoring your health.
Your spells are a little easier to cast, but a little less powerful.
[You are weak. (Str -2)]


Message History

(V) Vaults (C) Crypt (U) Depths (H) Hell (Z) Zot
Where to? (Enter - D:1 @ (x,y), ? - help)
There is a stone staircase leading up here.
You fly upwards.
Your summoned ally is left behind.
There is a stone staircase leading down here.
There is a stone staircase leading up, spattered with blood here.
You fly upwards.
There is a stone staircase leading down here.
There is a stone staircase leading up, spattered with blood here.
Things that are here:
a +0 falchion; a +0 ring mail; a +0 club You fly upwards.
Your magical contamination has completely faded away.
There is a stone staircase leading down here.
There is a stone staircase leading up here.
You fly upwards.
There is a stone staircase leading down here.
A Brimstone Fiend comes into view.
Throwing (i - inventory. (/) - cycle)
F - 2 throwing nets (quivered)
{!f}
Press: ? - help, Shift-Dir - straight line, f - Brimstone Fiend
Aim: a Brimstone Fiend Really fire
F - 2 throwing nets {!f}?
Throwing (i - inventory. (/) - cycle)
F - 2 throwing nets (quivered)
{!f}
Press: ? - help, Shift-Dir - straight line, f/p - Brimstone Fiend
Aim: a Brimstone Fiend Really fire
F - 2 throwing nets {!f}?
You throw a throwing net {!f}.
The throwing net {!f} hits the Brimstone Fiend.
The Brimstone Fiend is caught in the net!
There is a stone staircase leading down here.
A chaos spawn and a pandemonium lord come into view.
The chaos spawn trumpets!
Press: ? - help, v - describe, . - travel
Here: Qelimu Toto The floor.
Really read
l - 11 scrolls of teleportation {@r3 !r}?
As you read the scroll of teleportation {@r3 !r}, it crumbles to dust.
You feel strangely unstable.
You feel the Orb delaying your translocation!
Qelimu Toto gestures.
Really attack while wielding the +11 hunting sling of Analysis {freeze, rF+ Int+5 Dex-3}?
Okay, then.
You block Qelimu Toto's attack.
There is a stone staircase leading up here.
The butterfly disappears in a puff of smoke! x2
Qelimu Toto misses you.
You fly upwards.
The butterfly disappears in a puff of smoke! x4
There is a stone staircase leading down here.
Qelimu Toto gestures.
Qelimu Toto gestures at you.
The iron shot reflects off an invisible shield around you!
The iron shot hits Qelimu Toto!!!
Your surroundings suddenly seem different.
Magic restored.
Things that are here:
a cursed +0 leather armour; a +0 short sword
There is a stone staircase leading up here.
(D) Dungeon (T) Temple (L) Lair (S) Swamp (N) Spider Nest (M) Slime Pits (O) Orcish Mines (E) Elven Halls (V) Vaults (C) Crypt (U) Depths (H) Hell (Z) Zot
Where to? (Enter - D:5 @ (x,y), ? - help)
What level of the Dungeon? (default 1, ? - help)
You fly upwards.
There is a stone staircase leading down, spattered with blood here.
The crimson imp shouts!
The crimson imp is too close now for your liking.
Casting: Iron Shot (safe; 1% risk of failure)
Confirm with . or Enter, or press ? or * to list all spells.
Aiming: Iron Shot (safe; 1% risk of failure)
Press: ? - help, Shift-Dir - straight line, f - crimson imp
Aim: a crimson imp The iron shot hits the crimson imp!!!
You kill the crimson imp!
Sif Muna accepts your kill.
You feel the corruption within you wane somewhat.
You feel agile.
You feel stronger.
(D) Dungeon (T) Temple (L) Lair (S) Swamp (N) Spider Nest (M) Slime Pits (O) Orcish Mines (E) Elven Halls (V) Vaults (C) Crypt (U) Depths (H) Hell (Z) Zot
Where to? (Enter - D:1 @ (x,y), ? - help)
There is a stone staircase leading up here.
You fly upwards.
There is a stone staircase leading down here.
Magic restored.
There is a stone staircase leading up here.
You fly upwards.
There is a stone staircase leading down here.
There is a stone staircase leading up here.
You fly upwards.
There is a stone staircase leading down here.
There is a staircase leading out of the dungeon here.
You are a level 27 Tengu Fire Elementalist.
I'm sorry, level 27 is as high as you can go.
With the way you've been playing, I'm surprised you got this far.
Play time: 04:46:45 (112705 turns)
You have escaped!

###........###.##########.#######
..).......)...........>.....#
###........############...#.#
######'### ##..#.# #### ##.####
####.#.#.### ...# ##...###
###...##.....# ...##
###...###...####.#.#.# ....#
##.......## #..#.#.# ###.#
###.@.### #..#.#.# ###.#
##.......## #..#...# ....##
###...###...####.##### ##...#
##...###.###...##.#######
##.#.####.####...# ####.#........
##.#..##.##)...#.#######..#######
##.##.##.#..#..#.#...............
##+##..#...##..#.#.#####..#######
.................#.#.............


There were no monsters in sight!

Vanquished Creatures
  3 orbs of fire (Zot:5)
  4 ancient liches
  Mara (Depths:1)
  Mennas (Vaults:2)
  The ghost of Iletz the Eclecticist, a veteran GnWn of Vehumet (Depths:3)
  3 Killer Klowns
  2 curse toes
  2 caustic shrikes
  Nikola (Spider:1)
  6 golden dragons
  6 liches
  2 electric golems
  8 tentacled monstrosities
  Jorgrun (Spider:2)
  7 Orb Guardians
  Rupert (Lair:4)
  2 deep elf master archers (Elf:3)
  2 titans (Vaults:5)
  2 deep elf blademasters (Elf:3)
  6 quicksilver dragons
  6 death cobs
  3 sphinxes
  A sphinx (shapeshifter) (Depths:3)
  7 shadow dragons
  10 storm dragons
  Donald (Spider:1)
  4 tengu reavers
  3 draconian monks
  8 fire giants
  6 frost giants
  3 draconian knights
  A ghost moth (shapeshifter) (Vaults:4)
  Aizul (Swamp:2)
  3 draconian shifters
  9 deep elf sorcerers
  2 orc warlords (Orc:2)
  Louise (Spider:4)
  3 draconian scorchers
  6 ghost moths
  10 vault wardens
  6 iron dragons
  5 emperor scorpions
  5 deep elf elementalists
  5 spriggan defenders
  8 ironheart preservers
  3 draconian stormcallers
  13 stone giants
  12 very ugly things
  5 war gargoyles (Vaults:5)
  A vampire knight (Vaults:2)
  3 draconian annihilators
  9 deep elf demonologists (Elf:3)
  4 entropy weavers
  9 black draconians
  5 green draconians
  Azrael (D:12)
  8 deep elf annihilators
  3 yellow draconians
  2 purple draconians (Zot:1)
  4 spark wasps
  4 white draconians
  6 red draconians
  13 ettins
  A minotaur (Gauntlet)
  9 deep elf death magi
  5 fire dragons
  Josephine (Lair:4)
  A great orb of eyes (shapeshifter) (Vaults:1)
  28 vault guards
  2 deep elf high priests
  16 yaktaur captains
  8 great orbs of eyes
  4 ice dragons
  26 hydras
  Fannar (D:11)
  4 ghost crabs
  A shambling mangrove (Swamp:4)
  7 rakshasas
  A death knight (Vaults:5)
  16 alligators
  4 spriggan air magi (Depths:3)
  6 centaur warriors
  3 catoblepae (Lair:6)
  24 two-headed ogres
  6 dancing weapons
  4 deep troll earth magi
  6 deep troll shamans
  7 tengu warriors
  12 ogre magi
  3 orc high priests (Orc:2)
  3 spriggan berserkers
  7 death yaks (Lair:6)
  A shock serpent (shapeshifter) (Vaults:3)
  3 vampire magi
  2 shock serpents (Elf:1)
  Nergalle (D:12)
  4 iron trolls
  5 skeletal warriors
  A sixfirhy (Depths:1)
  3 shadow wraiths
  12 deep elf knights
  4 unseen horrors
  A large abomination (Abyss:2)
  A cherub (Depths:4)
  6 hell knights
  2 death drakes
  6 flayed ghosts
  A spriggan druid (Swamp:4)
  9 swamp dragons
  19 deep trolls
  2 unseen horrors (shapeshifter)
  An infernal demonspawn (Depths:4)
  2 gelid demonspawn (Depths:4)
  An orange crystal statue (Vaults:2)
  2 glowing orange brains (Depths:4)
  6 wizards
  19 orc knights
  19 ironbrand convokers
  3 phantasmal warriors
  An orb spider (shapeshifter) (Vaults:1)
  11 deep elf archers
  A wolf spider zombie (D:14)
  17 orb spiders
  A harpy (shapeshifter) (Depths:3)
  5 necromancers
  52 deep elf magi
  5 harpies
  42 wolf spiders
  A stone giant zombie (Vaults:5)
  40 ugly things
  A frost giant zombie (Vaults:5)
  An oklob plant (Lair:6)
  A worldbinder (Abyss:2)
  7 cyclopes
  8 orc sorcerers
  A guardian serpent (Abyss:2)
  2 manticores
  24 moths of wrath
  A spectral centaur (Gauntlet)
  2 frost giant skeletons
  An ice statue (Swamp:3)
  3 black mambas
  2 centaur zombies
  2 gargoyles
  Joseph (D:7)
  Maurice (D:9)
  5 elephants
  14 spiny frogs
  2 guardian serpents (shapeshifter)
  A torpor snail (shapeshifter) (Vaults:1)
  2 torpor snails
  10 vault sentinels
  A rime drake (shapeshifter) (Elf:1)
  A rime drake (Lair:3)
  7 freezing wraiths
  A kobold demonologist (D:13)
  9 demonic crawlers
  42 yaktaurs
  A komodo dragon (shapeshifter) (Vaults:4)
  6 komodo dragons
  A yaktaur skeleton (Vaults:1)
  An efreet (Abyss:2)
  A tormentor (Depths:4)
  2 red devils (Depths:4)
  2 tengu conjurers
  A troll (shapeshifter) (Depths:2)
  24 jumping spiders
  A meliai (D:14)
  2 polar bears (Lair:4)
  15 trolls
  8 tyrant leeches
  3 blink frogs (Lair:5)
  2 merfolk (shapeshifter)
  A hornet (shapeshifter) (Vaults:1)
  A wind drake (shapeshifter) (Depths:2)
  A raiju (shapeshifter) (Depths:2)
  12 hornets
  A harpy zombie (Gauntlet)
  Grinder (D:6)
  A hippogriff (shapeshifter) (Vaults:4)
  36 slime creatures
  7 bog bodies
  A blink frog (shapeshifter) (Elf:2)
  11 hippogriffs
  An ice dragon zombie (D:15)
  A fire dragon zombie (D:15)
  34 tarantellas
  An ettin skeleton (D:15)
  3 air elementals
  7 shadows
  3 redbacks (shapeshifter) (Vaults:5)
  A spriggan (shapeshifter) (D:15)
  7 wraiths
  A vampire (D:13)
  78 redbacks
  3 spriggans
  6 water elementals
  A basilisk (D:13)
  61 yaks
  2 wyverns (D:13)
  7 fire elementals
  2 hungry ghosts
  10 vampire mosquitoes
  2 neqoxecs (Abyss:2)
  15 swamp worms
  13 wargs
  A soldier ant (D:12)
  8 insubstantial wisps (Swamp:1)
  A water moccasin (shapeshifter) (Elf:1)
  A hell hound (D:12)
  2 acid dragons
  An elf skeleton (Vaults:1)
  13 porcupines
  4 floating eyes
  11 water moccasins
  A floating eye (shapeshifter) (Vaults:3)
  19 swamp drakes
  5 ice beasts
  71 orc warriors
  An ogre skeleton (Vaults:1)
  A hornet zombie (D:14)
  A black bear (D:10)
  31 ogres
  6 sky beasts
  2 phantoms
  5 eyes of draining
  15 boggarts
  3 necrophages
  10 wolves
  6 centaurs
  11 crocodiles
  A yaktaur zombie (Vaults:1)
  5 big kobolds
  16 bullfrogs
  2 small abominations (Abyss:2)
  6 earth elementals
  A water moccasin zombie (D:8)
  5 scorpions
  A wyvern skeleton (D:13)
  3 wights (D:15)
  16 killer bees
  3 electric eels
  4 howler monkeys
  7 crimson imps
  3 quasits (Depths:4)
  A yaktaur simulacrum (Vaults:1)
  10 jellies
  7 centaur skeletons
  Crazy Yiuf (D:2)
  30 orc priests
  8 hounds
  4 bullfrog skeletons
  2 iguanas
  11 worker ants
  34 orc wizards
  4 lightning spires (Elf:1)
  2 hound skeletons
  13 adders
  A river rat (D:5)
  6 shadow imps
  2 ufetubi (Depths:4)
  7 oozes
  An adder skeleton (D:5)
  5 worms
  A ball lightning (Elf:1)
  3 dart slugs
  A leopard gecko (D:11)
  157 orcs
  9 giant cockroaches
  8 goblins
  11 hobgoblins
  9 jackals
  27 kobolds
  3 quokkas
  10 ball pythons
  6 bats
  5 frilled lizards
  A leopard gecko skeleton (D:5)
  A leopard gecko zombie (D:5)
  A quokka skeleton (D:7)
  8 rats
  A bush (Elf:1)
  3 plants (Sewer)
  A withered plant (D:15)
2084 creatures vanquished.

Vanquished Creatures (collateral kills)
  2 orbs of fire (Zot:5)
  2 juggernauts (Depths:3)
  Margery (Vaults:2)
  A caustic shrike (Depths:3)
  2 golden dragons
  5 tentacled monstrosities
  A Brimstone Fiend (Zot:1)
  6 Orb Guardians (Zot:5)
  Asterion (Vaults:2)
  2 titans (Vaults:5)
  4 quicksilver dragons
  A death cob (Zot:4)
  6 storm dragons
  A shadow dragon (Zot:3)
  A fire giant (Depths:3)
  A draconian knight (Zot:3)
  A deep elf sorcerer (Elf:3)
  A frost giant (Vaults:4)
  4 vault wardens
  A ghost moth (Zot:3)
  3 draconian shifters
  A spriggan defender (Depths:3)
  2 draconian annihilators (Zot:1)
  4 very ugly things
  An entropy weaver (Vaults:3)
  2 ironheart preservers
  A war gargoyle (Vaults:4)
  5 stone giants
  A green draconian (Zot:3)
  A vampire knight (Depths:3)
  2 black draconians (Zot:1)
  A deep elf annihilator (Elf:3)
  3 white draconians
  5 yellow draconians
  3 red draconians
  3 purple draconians
  An ettin (Depths:3)
  A fire dragon (Depths:2)
  3 yaktaur captains
  2 ice dragons
  3 vault guards (Vaults:3)
  2 ogre magi
  A rakshasa (Vaults:2)
  10 two-headed ogres
  A centaur warrior (Vaults:3)
  2 dancing weapons
  2 deep troll shamans
  A deep troll earth mage (Depths:2)
  A deep elf knight (Vaults:1)
  4 hell knights
  2 iron trolls
  10 deep trolls
  3 ironbrand convokers
  A gelid demonspawn (Depths:5)
  An orb spider (shapeshifter) (Vaults:5)
  2 orc knights (Vaults:4)
  2 necromancers
  A harpy (Vaults:4)
  A manticore (Lair:6)
  A deep elf mage (Vaults:4)
  A shining eye (Depths:3)
  4 ugly things
  An elephant (Lair:6)
  A moth of wrath (Zot:4)
  A guardian serpent (shapeshifter) (Depths:2)
  A vault sentinel (Vaults:4)
  An eye of devastation (Depths:3)
  A spiny frog (shapeshifter) (Depths:1)
  9 yaktaurs
  3 freezing wraiths
  A troll (Vaults:4)
  A tyrant leech (shapeshifter) (Depths:3)
  A slime creature (Vaults:3)
  A slime creature (shapeshifter) (Vaults:5)
  A redback (Vaults:4)
  A fire elemental (Elf:1)
  An insubstantial wisp (Swamp:1)
  3 wargs (Vaults:4)
  An orc warrior (Vaults:4)
  3 ogres
  2 centaurs (Vaults:3)
  An orc priest (Vaults:4)
  2 orcs
182 creatures vanquished.

Vanquished Creatures (others)
  An Orb Guardian (Zot:5)
  A death cob (Zot:3)
  4 stone giants
  2 yaktaur captains
  A vault guard (Vaults:5)
  3 centaur warriors
  A deep elf knight (Elf:1)
  2 deep elf archers
  3 cyclopes
  An ugly thing (Vaults:3)
  14 yaktaurs
  A jumping spider (Spider:4)
  An orc wizard (Orc:2)
  A ball lightning (Elf:1)
  19 fungi
  25 plants
  2 starspawn tentacles (Abyss:2)
  A withered plant (Gauntlet)
83 creatures vanquished.

Grand Total: 2349 creatures vanquished

Notes
Turn   | Place    | Note
-------+----------+-------------------------------------------
     0 | D:1      | EnegeticOcto the Tengu Fire Elementalist began the quest
                  | for the Orb.
     0 | D:1      | Reached XP level 1. HP: 10/10 MP: 4/4
   164 | D:1      | Reached XP level 2. HP: 15/15 MP: 1/6
  1410 | D:1      | Reached XP level 3. HP: 18/20 MP: 4/7
  1647 | D:1      | Learned a level 2 spell: Throw Flame
  1651 | D:1      | Learned a level 3 spell: Conjure Flame
  1778 | D:2      | Found a sparkling altar of Nemelex Xobeh.
  1879 | D:2      | Reached skill level 1 in Fighting
  1879 | D:2      | Reached XP level 4. HP: 18/25 MP: 0/8
  2746 | D:2      | Found a runed translucent door.
  2747 | D:2      | Noticed Crazy Yiuf
  2769 | D:2      | Killed Crazy Yiuf
  2769 | D:2      | Gained mutation: You can fly continuously. [Tengu growth]
  2769 | D:2      | Reached XP level 5. HP: 29/29 MP: 0/10
  3943 | D:3      | Noticed an ogre
  3968 | D:3      | Killed an ogre
  3968 | D:3      | Reached XP level 6. HP: 35/35 MP: 0/11
  4401 | D:3      | Learned a level 4 spell: Sticky Flame
  4517 | D:4      | Reached skill level 5 in Fire Magic
  4660 | D:4      | Found Gilub's Jewellery Shoppe.
  4837 | D:4      | Reached skill level 5 in Conjurations
  5513 | D:5      | Entered Level 5 of the Dungeon
  5864 | D:5      | Reached skill level 1 in Shields
  5864 | D:5      | Reached XP level 7. HP: 21/40 MP: 6/12
  6198 | D:5      | Found a glowing drain.
  6226 | Sewer    | Entered a sewer
  7843 | D:5      | Reached XP level 8. HP: 46/46 MP: 2/14
  8318 | D:6      | Noticed Grinder
  9165 | D:6      | Killed Grinder
  9273 | D:6      | Found a staircase to the Ecumenical Temple.
  9283 | Temple   | Entered the Ecumenical Temple
  9471 | Temple   | Became a worshipper of Sif Muna the Loreminder
  9873 | D:6      | Reached XP level 9. HP: 43/52 MP: 9/16
 10423 | D:7      | Noticed Joseph
 10945 | D:7      | Reached * piety under Sif Muna
 11123 | D:7      | Killed Joseph
 11236 | D:7      | Found a burning altar of Makhleb.
 11236 | D:7      | Noticed a blizzard demon
 11338 | D:7      | Reached skill level 5 in Spellcasting
 11906 | D:8      | Found an ornate altar of the Wu Jian Council.
 11925 | D:8      | Learned a level 5 spell: Fireball
 12046 | D:8      | Reached skill level 10 in Conjurations
 12121 | D:8      | Reached ** piety under Sif Muna
 12205 | D:8      | Reached XP level 10. HP: 56/56 MP: 14/19
 12476 | D:8      | Found a snail-covered altar of Cheibriados.
 12750 | D:8      | Reached skill level 10 in Fire Magic
 12850 | D:9      | Noticed Maurice
 12861 | D:9      | Killed Maurice
 12861 | D:9      | Reached skill level 1 in Armour
 13082 | D:9      | Noticed a two-headed ogre
 13104 | D:9      | Killed a two-headed ogre
 13869 | D:9      | Found a staircase to the Lair.
 14066 | D:9      | Reached XP level 11. HP: 61/61 MP: 5/23
 14503 | D:10     | Entered Level 10 of the Dungeon
 14800 | D:10     | Noticed a two-headed ogre
 15132 | D:10     | Killed a two-headed ogre
 15132 | D:10     | Reached *** piety under Sif Muna
 15722 | D:10     | Found a staircase to the Orcish Mines.
 16454 | Lair:1   | Entered Level 1 of the Lair of Beasts
 16499 | D:9      | Reached **** piety under Sif Muna
 17098 | Lair:1   | Reached skill level 10 in Spellcasting
 17435 | Lair:1   | Reached XP level 12. HP: 43/66 MP: 9/27
 17652 | Lair:1   | Identified the +0 war axe of the Doomed Warrior {antimagic,
                  | SInv} (You found it on level 1 of the Lair of Beasts)
 18173 | Lair:1   | Learned a level 4 spell: Throw Icicle
 18180 | Lair:2   | Noticed a five-headed hydra
 18184 | Lair:2   | Noticed a seven-headed hydra
 18185 | Lair:2   | Killed a five-headed hydra
 18185 | Lair:2   | Reached skill level 1 in Ice Magic
 18185 | Lair:2   | Noticed an eight-headed hydra
 18556 | Lair:2   | Reached ***** piety under Sif Muna
 18707 | Lair:2   | Killed an eight-headed hydra
 18924 | Lair:2   | Received a gift from Sif Muna
 19138 | Lair:2   | Killed a seven-headed hydra
 19138 | Lair:2   | Reached skill level 5 in Fighting
 20117 | Lair:3   | Noticed a five-headed hydra
 20172 | Lair:3   | Killed a five-headed hydra
 20905 | Lair:4   | You are sucked into a shaft for 2 floors!
 20905 | Lair:6   | Entered Level 6 of the Lair of Beasts
 20967 | Lair:6   | Found a staircase to the Slime Pits.
 21934 | Lair:6   | Reached XP level 13. HP: 76/76 MP: 0/29
 23752 | Lair:4   | Noticed Josephine
 24283 | Lair:4   | Noticed Rupert
 24284 | Lair:4   | Paralysed by Rupert for 3 turns
 24311 | Lair:4   | Killed Rupert
 24575 | Lair:4   | Found a hole to the Spider Nest.
 24796 | Lair:4   | Identified Sif Muna's Papyrus of Hurtful Shape Shifting
                  | (Sif Muna gifted it to you on level 4 of the Lair of
                  | Beasts)
 24796 | Lair:4   | Received a gift from Sif Muna
 25003 | Lair:4   | Found a staircase to the Swamp.
 25047 | Lair:4   | Killed Josephine
 25519 | Lair:4   | Reached skill level 10 in Fighting
 25519 | Lair:4   | Reached skill level 1 in Invocations
 26619 | Lair:6   | Reached XP level 14. HP: 88/88 MP: 18/31
 26684 | Lair:6   | Reached skill level 5 in Invocations
 26692 | Lair:6   | Reached skill level 5 in Dodging
 27186 | Lair:6   | Identified the cursed +2 war axe of the Thoughtful Stories
                  | {protect, Stlth+} (You found it on level 6 of the Lair of
                  | Beasts)
 27518 | D:11     | Found a gate leading to a gauntlet.
 27534 | Gauntlet | Entered a Gauntlet
 27534 | Gauntlet | Found a transporter.
 27680 | Gauntlet | Found a transporter.
 27690 | Gauntlet | Found a transporter.
 27695 | Gauntlet | Found a transporter.
 27712 | Gauntlet | Found a transporter.
 27729 | Gauntlet | Noticed a reaper
 27730 | Gauntlet | Found a transporter.
 27742 | Gauntlet | Found a transporter.
 27748 | Gauntlet | Found a transporter.
 27754 | Gauntlet | Found the +2 pair of boots of the Assassin {Detection Stab+
                  | Stlth++}
 27762 | Gauntlet | Noticed a dire elephant
 27763 | Gauntlet | Found a transporter.
 27775 | Gauntlet | Found a transporter.
 27787 | Gauntlet | Found a transporter.
 27787 | Gauntlet | Noticed an entropy weaver
 27804 | Gauntlet | Found a transporter.
 27804 | Gauntlet | Found a transporter.
 27824 | Gauntlet | Found a transporter.
 27911 | Gauntlet | Found a transporter.
 27936 | Gauntlet | Found a transporter.
 27942 | Gauntlet | Found a transporter.
 27966 | Gauntlet | Found a transporter.
 28145 | Gauntlet | Got a scintillating iron ring
 28146 | Gauntlet | Identified the cursed ring of Hiwag {+Blink Str-3 SInv}
                  | (You found it in a Gauntlet)
 28482 | Gauntlet | Identified the cursed +1 long sword "Vawieba" {drain, rC+}
 28482 | Gauntlet | Identified the +11 hunting sling of Analysis {freeze, rF+
                  | Int+5 Dex-3}
 28482 | Gauntlet | Identified the +5 shield "Xuamn" {rF+ Str+4}
 28482 | Gauntlet | Identified the ring of Qerevvi {rPois rN+ MR+ Str-3 Stlth+}
 28613 | Gauntlet | Found the +5 robe of Misfortune {*Contam Harm *Corrode
                  | *Drain *Slow EV+5}
 28613 | Gauntlet | Got a fine hat
 28614 | Gauntlet | Identified the +0 hat of the Desert {rF+ MR- Dex+2} (You
                  | found it in a Gauntlet)
 28622 | Gauntlet | Learned a level 2 spell: Blink
 29265 | D:11     | Noticed Fannar
 29269 | D:11     | Killed Fannar
 29565 | Orc:1    | Entered Level 1 of the Orcish Mines
 30626 | Orc:1    | Found a roughly hewn altar of Beogh.
 30830 | Orc:2    | Entered Level 2 of the Orcish Mines
 30971 | Orc:2    | Reached skill level 5 in Shields
 31185 | Orc:2    | Found a staircase to the Elven Halls.
 31283 | Orc:2    | Found a roughly hewn altar of Beogh.
 31286 | Orc:2    | Found Lokhaf's Distillery.
 31437 | Orc:2    | Found a roughly hewn altar of Beogh.
 31445 | Orc:2    | Found Dainnapath's Gadget Shoppe.
 31480 | Orc:2    | Noticed an orc warlord
 31509 | Orc:2    | Killed an orc warlord
 31721 | Orc:2    | Bought a potion of lignification for 30 gold pieces
 31721 | Orc:2    | Bought a potion of cancellation for 80 gold pieces
 31721 | Orc:2    | Bought a potion of heal wounds for 50 gold pieces
 31721 | Orc:2    | Bought a potion of heal wounds for 50 gold pieces
 31721 | Orc:2    | Bought a potion of lignification for 30 gold pieces
 31795 | Orc:2    | Found a roughly hewn altar of Beogh.
 31837 | Orc:2    | Found Zohook's Jewellery Emporium.
 31971 | Orc:2    | Reached skill level 15 in Conjurations
 32157 | Orc:2    | Reached XP level 15. HP: 92/92 MP: 19/32
 32259 | Orc:2    | Noticed an orc warlord
 32287 | Orc:2    | Killed an orc warlord
 32511 | Orc:2    | Found a roughly hewn altar of Beogh.
 32566 | Orc:2    | Received a gift from Sif Muna
 32596 | Orc:2    | Found Zet Vim's Antique Armour Emporium.
 32597 | Orc:2    | Found a roughly hewn altar of Beogh.
 32600 | Orc:2    | Found Ucsost's Antique Weapon Shoppe.
 32741 | Orc:2    | Found a roughly hewn altar of Beogh.
 32831 | Orc:2    | Found a roughly hewn altar of Beogh.
 33487 | Orc:2    | Bought a +6 amulet of reflection for 877 gold pieces
 33487 | Orc:2    | Bought an uncursed ring of magical power for 300 gold
                  | pieces
 33538 | Orc:2    | Bought a wand of acid (11) for 420 gold pieces
 34373 | D:12     | Found Ynear Cah's Antique Armour Shoppe.
 34391 | D:12     | Bought a transparent leather armour for 224 gold pieces
 34391 | D:12     | Identified the cursed +0 leather armour of Saqytz {+Inv rF+
                  | Dex+4} (You bought it in a shop on level 12 of the Dungeon)
 34393 | D:12     | Bought an ichor-stained ring mail for 288 gold pieces
 34393 | D:12     | Identified the +3 ring mail of an ice cave {rC++ rN+ Int+2}
                  | (You bought it in a shop on level 12 of the Dungeon)
 34797 | D:12     | Noticed Nergalle
 34807 | D:12     | Killed Nergalle
 34912 | D:12     | Noticed Azrael
 35810 | D:13     | Found a white marble altar of Elyvilon.
 37484 | D:13     | Found a gate to the Vaults.
 37771 | D:14     | Cast into level 2 of the Abyss (tengu warrior)
 37806 | Abyss:2  | Identified Sif Muna's Compendium of Cankerous
                  | Self-Knowledge (Sif Muna gifted it to you on level 2 of the
                  | Abyss)
 37806 | Abyss:2  | Received a gift from Sif Muna
 37975 | Abyss:2  | Noticed a tentacled starspawn
 38053 | Abyss:2  | Found an ornate altar of the Wu Jian Council.
 38153 | Abyss:2  | Noticed a bone dragon
 38227 | D:14     | Escaped the Abyss
 39137 | D:14     | Reached XP level 16. HP: 35/97 MP: 1/34
 40710 | D:14     | Identified Sif Muna's Disquisition on Companions
 40875 | D:14     | Learned a level 5 spell: Irradiate
 40882 | D:14     | Learned a level 6 spell: Shadow Creatures
 40941 | D:15     | Entered Level 15 of the Dungeon
 41000 | D:15     | Paralysed by an orc sorcerer for 3 turns
 41282 | D:15     | Reached skill level 1 in Summonings
 41583 | D:15     | Found a staircase to the Depths.
 42270 | D:15     | Identified the cursed +0 crystal plate armour of Imeoq
                  | {rPois} (You found it on level 15 of the Dungeon)
 42800 | D:12     | Identified Sif Muna's Handbook of Conjuration (Sif Muna
                  | gifted it to you on level 12 of the Dungeon)
 42800 | D:12     | Received a gift from Sif Muna
 42865 | D:12     | Killed Azrael
 43139 | Spider:1 | Entered Level 1 of the Spider Nest
 43782 | Spider:1 | Noticed Nikola
 43794 | Spider:1 | Killed Nikola
 43875 | Spider:1 | Reached skill level 5 in Summonings
 43879 | Spider:1 | Identified the +0 shield of the Tormentor {+Fly rC- Str+9
                  | Int-4}
 43879 | Spider:1 | Noticed Donald
 44091 | Spider:1 | Killed Donald
 44391 | Spider:1 | Learned a level 1 spell: Apportation
 44564 | Spider:2 | Reached skill level 10 in Shields
 44816 | Spider:2 | Reached skill level 1 in Transmutations
 45267 | Spider:2 | Reached XP level 17. HP: 61/102 MP: 0/36
 45689 | Spider:2 | Noticed Jorgrun
 45735 | Spider:2 | Killed Jorgrun
 46773 | Spider:3 | Identified Sif Muna's Tome of Excruciating Transmigration
                  | (Sif Muna gifted it to you on level 3 of the Spider Nest)
 46773 | Spider:3 | Received a gift from Sif Muna
 48867 | Spider:4 | Entered Level 4 of the Spider Nest
 49512 | Spider:4 | Reached skill level 15 in Spellcasting
 50207 | Spider:4 | Noticed Louise
 50870 | Spider:4 | Killed Louise
 50870 | Spider:4 | Identified Jaxya's Catalogue of Excruciating Summoning (Sif
                  | Muna gifted it to you on level 4 of the Spider Nest)
 50870 | Spider:4 | Received a gift from Sif Muna
 50881 | Spider:4 | Learned a level 6 spell: Bolt of Fire
 51086 | Spider:4 | Reached skill level 10 in Summonings
 51679 | Spider:4 | Reached XP level 18. HP: 107/107 MP: 33/38
 53331 | Spider:4 | Got a gossamer rune of Zot
 53651 | Orc:2    | Bought a potion of curing for 30 gold pieces
 53651 | Orc:2    | Bought a potion of curing for 30 gold pieces
 54010 | Swamp:1  | Entered Level 1 of the Swamp
 56563 | Swamp:2  | You are sucked into a shaft!
 56570 | Swamp:2  | Noticed Aizul
 56577 | Swamp:2  | Killed Aizul
 57920 | Swamp:3  | Identified Sif Muna's Volume of Cloudy Transmigration (Sif
                  | Muna gifted it to you on level 3 of the Swamp)
 57920 | Swamp:3  | Received a gift from Sif Muna
 58555 | Swamp:3  | Found an ornate altar of the Wu Jian Council.
 59234 | Swamp:4  | Entered Level 4 of the Swamp
 60419 | Swamp:4  | Reached XP level 19. HP: 48/112 MP: 6/39
 61329 | Swamp:4  | Got a decaying rune of Zot
 61824 | Vaults:1 | Entered Level 1 of the Vaults
 62956 | Vaults:1 | Received a gift from Sif Muna
 62956 | Vaults:1 | Reached skill level 15 in Shields
 62957 | Vaults:1 | Reached skill level 15 in Summonings
 63581 | Vaults:1 | Reached skill level 5 in Armour
 66171 | Vaults:2 | Noticed Margery
 66178 | Vaults:2 | Killed Margery
 66712 | Vaults:2 | Reached XP level 20. HP: 119/119 MP: 10/40
 67406 | Vaults:2 | Noticed Mennas
 67500 | Vaults:2 | Killed Mennas
 67890 | Vaults:2 | Found a staircase to the Crypt.
 68110 | Vaults:2 | Noticed Asterion
 68120 | Vaults:2 | Learned a level 7 spell: Summon Hydra
 68219 | Vaults:2 | Killed Asterion
 68912 | Vaults:2 | Found a runed translucent gate.
 68913 | Vaults:2 | Found a runed translucent gate.
 68913 | Vaults:2 | Found a runed translucent gate.
 68914 | Vaults:2 | Noticed Taschum's ghost (adept DrAK)
 68957 | Vaults:2 | Identified Sif Muna's Reference Book on Noxious Slavery
                  | (Sif Muna gifted it to you on level 2 of the Vaults)
 68957 | Vaults:2 | Received a gift from Sif Muna
 68971 | Vaults:2 | Learned a level 7 spell: Spellforged Servitor
 69350 | Vaults:2 | Found the +11 plutonium sword {*Contam Stlth-}
 72085 | Vaults:3 | Found Vumpa's Armour Shop.
 73718 | Vaults:4 | Reached XP level 21. HP: 126/128 MP: 27/42
 74627 | Vaults:4 | Identified Sif Muna's Further Progress in Spellweaving (Sif
                  | Muna gifted it to you on level 4 of the Vaults)
 74627 | Vaults:4 | Received a gift from Sif Muna
 74784 | Vaults:4 | Learned a level 6 spell: Iron Shot
 74901 | Vaults:4 | Found Yzefopn's Magic Scroll Emporium.
 74904 | Vaults:4 | Bought a scroll of fear for 73 gold pieces
 74904 | Vaults:4 | Bought a scroll of teleportation for 63 gold pieces
 74904 | Vaults:4 | Bought a scroll of teleportation for 63 gold pieces
 74913 | Vaults:4 | Learned a level 8 spell: Ignition
 75155 | Vaults:4 | Reached skill level 1 in Earth Magic
 76122 | Vaults:4 | Got a brightly glowing silver amulet
 76123 | Vaults:4 | Identified the amulet of Iretwadd {Reflect rF+ Int+4 SH+3}
                  | (You found it on level 4 of the Vaults)
 76330 | Vaults:4 | Identified Xallyom's Grimoire of Spatial Ignition
 76618 | Elf:1    | Entered Level 1 of the Elven Halls
 76669 | Elf:1    | Found a radiant altar of Vehumet.
 77322 | Elf:1    | Identified Sif Muna's Second Course in Theurgy (Sif Muna
                  | gifted it to you on level 1 of the Elven Halls)
 77322 | Elf:1    | Received a gift from Sif Muna
 77725 | Elf:1    | Found Rirogh's Distillery.
 77867 | Elf:1    | Bought a potion of heal wounds for 60 gold pieces
 77867 | Elf:1    | Bought a potion of heal wounds for 60 gold pieces
 77867 | Elf:1    | Bought a potion of lignification for 36 gold pieces
 77867 | Elf:1    | Bought a potion of haste for 120 gold pieces
 77867 | Elf:1    | Bought a potion of curing for 36 gold pieces
 78498 | Elf:1    | Identified a scroll of acquirement
 79119 | Elf:1    | Identified Ulewuum's Handbook of Air
 80113 | Elf:2    | Found a runed translucent gate.
 80113 | Elf:2    | Found a runed translucent gate.
 80114 | Elf:2    | Found a runed translucent gate.
 80588 | Elf:2    | Found the +7 great mace "Firestarter" {inner flame, rF++}
 80889 | Depths:1 | Entered Level 1 of the Depths
 80922 | Depths:1 | Identified the +8 hand crossbow of Haurgh {elec, Str+4
                  | Dex+2} (You found it on level 1 of the Depths)
 81290 | Depths:1 | Noticed Mara
 81787 | Depths:1 | Noticed EnegeticOcto's illusion
 81795 | Depths:1 | Killed Mara
 81795 | Depths:1 | Reached skill level 5 in Earth Magic
 81934 | Depths:1 | Identified Bibig's Reference Book on Unstable Shape
                  | Shifting (Sif Muna gifted it to you on level 1 of the
                  | Depths)
 81934 | Depths:1 | Received a gift from Sif Muna
 82831 | Depths:1 | Reached XP level 22. HP: 136/136 MP: 23/43
 83148 | Depths:1 | Found a gateway to Hell.
 83737 | Depths:2 | Found a transporter.
 84053 | Depths:2 | Found a transporter.
 84846 | Depths:2 | Identified the +3 leather armour "Kod Lips" {+Inv rPois rC-
                  | Str-5} (You found it on level 2 of the Depths)
 84883 | Depths:2 | Found a one-way gate leading to the halls of Pandemonium.
 85154 | Depths:2 | Found Janebila's Weapon Boutique.
 85269 | Depths:2 | Found Jegom's Gadget Emporium.
 85270 | Depths:2 | Found Waavu Bupp's Jewellery Shop.
 85270 | Depths:2 | Found Gaquen's Jewellery Shop.
 85379 | Depths:3 | Reached skill level 15 in Fire Magic
 85773 | Depths:3 | Received a gift from Sif Muna
 86101 | Depths:3 | Found a runed translucent gate.
 86112 | Depths:3 | Found a runed translucent gate.
 86112 | Depths:3 | Found an ancient bone altar of Kikubaaqudgha.
 86113 | Depths:3 | Found a runed translucent gate.
 86129 | Depths:3 | Noticed Iletz's ghost (veteran GnWn)
 86136 | Depths:3 | Noticed an ancient lich
 86136 | Depths:3 | Noticed an ancient lich
 86137 | Depths:3 | Noticed an ancient lich
 86616 | Depths:3 | Found a one-way gate to the infinite horrors of the Abyss.
 87622 | Depths:3 | Noticed a juggernaut
 88168 | Depths:3 | Found a gateway to a ziggurat.
 88285 | Depths:3 | Noticed a juggernaut
 88309 | Depths:3 | Killed a juggernaut
 88581 | Depths:3 | Noticed a caustic shrike
 88596 | Depths:3 | Killed a juggernaut
 88603 | Depths:3 | Killed a caustic shrike
 88798 | Depths:3 | Identified Sif Muna's Compendium of Hexes and the Entourage
                  | (Sif Muna gifted it to you on level 3 of the Depths)
 88798 | Depths:3 | Received a gift from Sif Muna
 89088 | Depths:3 | Reached XP level 23. HP: 64/142 MP: 2/44
 89459 | Depths:2 | Bought the ring "Vous" {rElec rC+ MP+9 Str+4 Dex+2} for
                  | 1018 gold pieces
 89491 | Depths:3 | Noticed a golden dragon
 89500 | Depths:3 | Killed a golden dragon
 90199 | Depths:3 | Killed an ancient lich
 90465 | Depths:3 | Killed Iletz's ghost
 90710 | Depths:3 | Killed an ancient lich
 90873 | Depths:3 | Got a pair of scorched gloves
 90874 | Depths:3 | Identified the +0 pair of gloves of the Known World
                  | {*Corrode Regen+ Int-4 SInv} (You found it on level 3 of
                  | the Depths)
 90879 | Depths:3 | Got a coiled glass ring
 90880 | Depths:3 | Identified the ring "Doem" {+Fly Str+3 Int+4 Dex+4} (You
                  | found it on level 3 of the Depths)
 90884 | Depths:3 | Reached XP level 24. HP: 148/148 MP: 44/44
 91434 | Depths:4 | Reached ****** piety under Sif Muna
 91435 | Depths:4 | Received a gift from Sif Muna
 92781 | Depths:4 | Noticed a caustic shrike
 92817 | Depths:4 | Killed a caustic shrike
 93651 | Depths:5 | Entered Level 5 of the Depths
 94700 | Depths:5 | Noticed a caustic shrike
 94705 | Depths:5 | Killed a caustic shrike
 94812 | Depths:5 | Found a gate to the Realm of Zot.
 95390 | Elf:3    | Entered Level 3 of the Elven Halls
 96038 | Elf:3    | Identified Sif Muna's Catalogue of Arcane Weapons (Sif Muna
                  | gifted it to you on level 3 of the Elven Halls)
 96038 | Elf:3    | Received a gift from Sif Muna
 96038 | Elf:3    | Reached XP level 25. HP: 122/152 MP: 16/45
 96074 | Elf:3    | Identified the +1 robe of the Midnight Sun {rC+++ Str-2
                  | Dex-2 Slay+4}
 96282 | Elf:3    | Got a bound ivory ring
 96283 | Elf:3    | Identified the ring of Cysuddir {*Corrode rElec rPois rN+}
                  | (You found it on level 3 of the Elven Halls)
 96297 | Elf:3    | Identified the +9 morningstar of Utaem Qalo {flame, rPois
                  | MP+9 Int+3 Stlth-}
 96306 | Elf:3    | Reached skill level 10 in Dodging
 96401 | Elf:3    | Identified the +8 whip "Muff" {speed, rF+ Int+2 Stlth-}
                  | (You found it on level 3 of the Elven Halls)
 96419 | Elf:3    | Identified the Reference Book on Entrancing Flight
 96432 | Elf:3    | Identified the Collected Works on Dark Secrets
 96568 | Elf:3    | Found the +1 cloak of Starlight {rElec rC+ EV+4 Stlth--}
 97019 | Vaults:5 | Entered Level 5 of the Vaults
 97023 | Vaults:5 | Reached skill level 10 in Armour
 97023 | Vaults:5 | Reached skill level 10 in Invocations
 97754 | Vaults:5 | Reached skill level 15 in Fighting
 98788 | Vaults:5 | Identified Sif Muna's Compendium of Creation and Attacks
                  | (Sif Muna gifted it to you on level 5 of the Vaults)
 98788 | Vaults:5 | Received a gift from Sif Muna
 99275 | Vaults:5 | Identified the +4 leather armour "Kaohac" {rPois Int+6}
 99487 | Vaults:5 | Noticed an ancient lich
 99492 | Vaults:5 | Killed an ancient lich
 99786 | Vaults:5 | Reached XP level 26. HP: 161/161 MP: 38/46
 99860 | Vaults:5 | Noticed an ancient lich
100105 | Vaults:5 | Killed an ancient lich
100741 | Vaults:5 | Identified the +8 falchion of the Real Monster {protect,
                  | rElec rN+ MR+}
101287 | Vaults:5 | Found Fouwk's Antique Armour Shoppe.
101934 | Vaults:5 | Got a silver rune of Zot
102390 | Zot:1    | Entered Level 1 of the Realm of Zot
103222 | Zot:1    | Identified Sif Muna's Disquisition on Hurtful Bewitchment
                  | (Sif Muna gifted it to you on level 1 of the Realm of Zot)
103222 | Zot:1    | Received a gift from Sif Muna
103286 | Zot:1    | Learned a level 7 spell: Orb of Destruction
103289 | Zot:1    | Learned a level 2 spell: Passwall
104784 | Zot:1    | Learned a level 6 spell: Deflect Missiles
105424 | Zot:2    | You fall through a shaft!
105433 | Zot:3    | Identified Dispater's Incunabulum of Slavery (Sif Muna
                  | gifted it to you on level 3 of the Realm of Zot)
105433 | Zot:3    | Received a gift from Sif Muna
105440 | Zot:3    | Noticed a Killer Klown
105448 | Zot:3    | Killed a Killer Klown
105448 | Zot:3    | Reached XP level 27. HP: 63/171 MP: 4/47
105946 | Zot:3    | Found a transporter.
105947 | Zot:3    | Found a transporter.
105947 | Zot:3    | Noticed an ancient lich
106017 | Zot:3    | Noticed Kitaqa's ghost (master GrBe)
108134 | Zot:2    | Reached skill level 1 in Air Magic
109625 | Zot:4    | Reached skill level 5 in Air Magic
110046 | Zot:4    | Received a gift from Sif Muna
110394 | Zot:5    | Entered Level 5 of the Realm of Zot
111931 | Zot:5    | Noticed an orb of fire
111932 | Zot:5    | Noticed an orb of fire
111939 | Zot:5    | Gained mutation: Your magical capacity is low. (-10% MP)
                  | [an orb of fire]
111942 | Zot:5    | Gained mutation: Your magical capacity is very low. (-20%
                  | MP) [an orb of fire]
111943 | Zot:5    | Killed an orb of fire
111944 | Zot:5    | Killed an orb of fire
111944 | Zot:5    | Noticed an orb of fire
111945 | Zot:5    | Noticed an orb of fire
111949 | Zot:5    | Gained mutation: Your spells are a little easier to cast,
                  | but a little less powerful. [an orb of fire]
111966 | Zot:5    | Noticed an orb of fire
111969 | Zot:5    | Killed an orb of fire
111970 | Zot:5    | Killed an orb of fire
111970 | Zot:5    | Reached skill level 10 in Air Magic
111982 | Zot:5    | Paralysed by the power of Zot for 2 turns
111985 | Zot:5    | Killed an orb of fire
111989 | Zot:5    | Noticed an ancient lich
111991 | Zot:5    | Noticed an orb of fire
111995 | Zot:5    | Noticed an ancient lich
111996 | Zot:5    | Gained mutation: You are clumsy. (Dex -2) [mutagenic glow]
112010 | Zot:5    | Gained mutation: Potions are less effective at restoring
                  | your health. [an orb of fire]
112036 | Zot:5    | Gained mutation: Your body sometimes deteriorates upon
                  | taking damage. [mutagenic glow]
112043 | Zot:5    | Got the Orb of Zot
112087 | Zot:3    | Gained mutation: You are dopey. (Int -2) [mutagenic glow]
112094 | Zot:3    | Lost mutation: Your body sometimes deteriorates upon taking
                  | damage. [potion of mutation]
112094 | Zot:3    | Lost mutation: You are clumsy. (Dex -2) [potion of
                  | mutation]
112094 | Zot:3    | Lost mutation: You are dopey. (Int -2) [potion of mutation]
112094 | Zot:3    | Lost mutation: Your magical capacity is very low. (-20% MP)
                  | [potion of mutation]
112094 | Zot:3    | Gained mutation: You have sharp fingernails. [potion of
                  | mutation]
112094 | Zot:3    | Gained mutation: You are resistant to electric shocks.
                  | (rElec) [potion of mutation]
112094 | Zot:3    | Gained mutation: You are partially covered in rugged brown
                  | scales. (AC +1, +3% HP) [potion of mutation]
112579 | D:6      | Noticed Qelimu Toto the pandemonium lord
112706 | D:$      | Escaped with the Orb!

Levels and vault maps discovered:
D:1:      dpeg_arrival_simpleton_a, layout_basic
D:2:      layout_loops_ring, nemelex_xobeh_ov_fountains_minmay, first_ration,
          uniq_crazy_yiuf_cottage
D:3:      layout_basic, corexii_item_surrounded_by_moat
D:4:      layout_loops_ring, serial_shops, kennysheep_little_box,
          grunt_decor_resistance
D:5:      layout_cave_pods, portal_sewer_entry_a
D:6:      layout_cave_pools, uniq_grinder
D:7:      layout_basic, minmay_misc_feat_tower, makhleb_altar_promises_db,
          uniq_joseph
D:8:      layout_rooms, basic_altar, hangedman_little_slice_of_home,
          lemuel_centaur_altar
D:9:      layout_loops_cross, erik_lair_orcish_takeover, hangedman_decor_lopped,
          uniq_maurice
D:10:     layout_roguey, hiddenorc2_lemuel
D:11:     layout_basic, gauntlet_entry_generic, kennysheep_windowed_goal,
          uniq_fannar
D:12:     layout_stronghold, serial_shops, shop_coins, uniq_azrael,
          uniq_nergalle
D:13:     layout_cave_pools, hangedman_vaults_entry_quadrant_bands,
          minmay_stone_trees_small, elyvilon_altar_5
D:14:     layout_small_grid, nrook_pool_corridor, minmay_hollow_rounded_squares
D:15:     gammafunk_depths_entry_grave, layout_loops_ring, glass_columns_a
Temple:   compressed_dpeg_triangle_lava_temple
Lair:1:   wad_woods_tower, layout_gridlike, infiniplex_staircase_pool,
          grunt_megastairs_1, minmay_lair_oklob_chamber
Lair:2:   layout_regular_city, grunt_megastairs_3, lemuel_fruit_tree,
          serial_bayou_shore_b
Lair:3:   layout_small_grid
Lair:4:   layout_loops_ring, skrybe_swamp_entry_bodies, spider_nest_entry_webs,
          uniq_josephine, uniq_rupert
Lair:5:   layout_regular_city
Lair:6:   evilmike_catoblepas_cave, layout_regular_city, slime_dummy,
          minmay_lair_oklob_bushes
Swamp:1:  layout_basic_swamp, nicolae_swamp_round_clearing
Swamp:2:  layout_basic_swamp, evilmike_swamp_ruin_house_4, swamp_pool2,
          uniq_aizul
Swamp:3:  layout_falls_marsh, portal_ice_cave_entry_ice_statue_one,
          lemuel_altar_in_water, swamp_pool1, infiniplex_staircase_pool_2
Swamp:4:  swamp, layout_basic_swamp
Spider:1: layout_spider_delve, uniq_donald, uniq_nikola
Spider:2: layout_spider_delve, uniq_jorgrun
Spider:3: layout_chambers, drop_trap, nicolae_spider_cling_halls
Spider:4: grunt_spider_rune_parallel, uniq_louise
Orc:1:    layout_diamond_mine, basic_altar
Orc:2:    grunt_orc_community_town_hall, layout_caves,
          grunt_orc_community_big_house_2, grunt_orc_community_big_house_1,
          grunt_orc_community_house_1, grunt_orc_community_house_3,
          grunt_orc_community_house_2, grunt_orc_community_house_1,
          grunt_orc_community_house_3, grunt_orc_community_house_1,
          serial_shops, shop
Elf:1:    eino_elf_arrival_altar, layout_geoelf_diagonals, serial_shops, shop,
          minmay_elf_crystal_heptagon, st_stairs_2, abandoned_shop,
          hangedman_research_electronics
Elf:2:    layout_geoelf_grid
Elf:3:    elf_hall, layout_loops_ring
Vaults:1: vaults_room_grunt_arrival_ludios, dpeg_vaults_monster_row,
          vaults_dpeg_hooks, nicolae_vaults_yaktaur_gun_rack,
          nicolae_vaults_big_ls, vaults_standard_mumra_lines,
          nicolae_vaults_little_ls, nicolae_vaults_little_squares_6,
          layout_vaults_omnigrid
Vaults:2: gammafunk_vaults_ghost_necromancy, nicolae_vaults_network_quincunx
          [nicolae_vaults_network_quincunx_subvault,
          nicolae_vaults_network_quincunx_subvault,
          nicolae_vaults_network_quincunx_subvault,
          nicolae_vaults_network_quincunx_subvault,
          nicolae_vaults_network_quincunx_subvault], v_rooms_4,
          ontoclasm_vaults_shuriken, v_alt_pattern_6,
          minmay_crypt_entry_simple_walls, grunt_vaults_trifunnel,
          vaults_room_grid, ontoclasm_vaults_chip, hangedman_vaults_stagger,
          nicolae_vaults_statue_guard, layout_vaults_omnicross, uniq_mennas,
          uniq_asterion, uniq_margery
Vaults:3: ontoclasm_vaults_misaligned, vaults_dpeg_spiral,
          nicolae_vaults_little_squares_3, ontoclasm_vaults_idyll, v_misc_5,
          v_misc_24, v_misc_12, hangedman_vaults_stretched_pinwheel,
          grunt_vaults_diagonal, vaults_room_door_hall, ontoclasm_vaults_twist,
          vaults_mumra_minichess, dpeg_vaults_monster_doublerow,
          vaults_dpeg_doors, v_misc_10, ontoclasm_vaults_ligature,
          nicolae_vaults_little_squares_5, v_alt_pattern_5, vaults_room_hallway,
          layout_vaults_maze_bifur, serial_shops, shop
Vaults:4: vaults_standard_mumra_x, v_misc_17, nicolae_vaults_network_square,
          vaults_mumra_lcd, vaults_room_fancy_cross, v_misc_13, v_misc_9,
          vaults_room_hangedman_quadrants, vaults_room_semicircle, v_misc_15,
          hangedman_vaults_restitches, ontoclasm_vaults_eye,
          layout_vaults_omnibox, serial_shops, shop
Vaults:5: serial_shops
Depths:1: layout_gridlike, minmay_holes, grunt_hell_entry_dis_old,
          grunt_decor_fettered, minivault_10, lemuel_flamethrower_3,
          serial_bayou_shore_a, uniq_mara
Depths:2: gammafunk_jiyva_shrine, layout_basic, hangedman_tar_grid_catacomb,
          rand_demon_pan_entry_9, serial_shops, shop,
          infiniplex_staircase_squiggle, minmay_shop_grove
Depths:3: minmay_the_grid_square_5x5_4x4
          [minmay_the_grid_square_5x5_checkered_statues,
          minmay_the_grid_square_5x5_two_walls_b,
          minmay_the_grid_square_5x5_half_checkered,
          minmay_the_grid_square_5x5_misaligned,
          minmay_the_grid_square_5x5_beaten_path,
          minmay_the_grid_square_5x5_prize_waves,
          minmay_the_grid_square_5x5_prize_gold,
          minmay_the_grid_square_5x5_slash,
          minmay_the_grid_square_5x5_pentomino_r,
          minmay_the_grid_square_5x5_prize_rear_guard,
          minmay_the_grid_square_5x5_prize_itemx,
          minmay_the_grid_square_5x5_minibox, minmay_the_grid_square_5x5_spiral,
          minmay_the_grid_square_5x5_tri_point, minmay_the_grid_square_5x5_six,
          minmay_the_grid_square_5x5_comb], layout_gridville, enter_ziggurat_c,
          abyss_entry, pan_entry, ebering_dispersal_statue_hall, hell_entry,
          gammafunk_ghost_crypt
Depths:4: minmay_two_paths, layout_small_grid, serial_sigils,
          serial_sigils_hangedman_confine, serial_sigils_hangedman_shear,
          serial_sigils_hangedman_gut, serial_sigils_hangedman_quiver,
          serial_sigils_hangedman_leer, serial_sigils_hangedman_scar,
          hell_entry, abyss_entry, grunt_pan_entry_in_and_out
Depths:5: hangedman_slaughterboxes, hell_entry, serial_shops
Zot:1:    layout_twisted_circle
Zot:2:    nicolae_moth_party, layout_twisted_circle
Zot:3:    layout_cathedral_of_symmetry, gammafunk_ghost_mausoleum,
          grunt_ministairs_2, st_stairs_14
Zot:4:    layout_misc_corridors
Zot:5:    layout_misc_corridors
Abyss:2:  minivault_5
Sewer:    sewer_co_scattered_pipes
Gauntlet: gammafunk_gauntlet_one_two_three [gammafunk_gauntlet_arena_open,
          gammafunk_gauntlet_arena_crates, gammafunk_gauntlet_arena_split_x,
          nicolae_gauntlet_arena_t_cross, nicolae_gauntlet_arena_blocks,
          gammafunk_gauntlet_arena_hedges, gammafunk_gauntlet_arena_mazey,
          nicolae_gauntlet_arena_quarters, nicolae_gauntlet_swirl,
          nicolae_gauntlet_exit_dead_adventurers]

Skill      XL: |  1  2  3  4  5  6  7  8  9 10 11 12 13 14 15 16 17 18 19 20 21 22 23 24 25 26 27 |
---------------+----------------------------------------------------------------------------------+-----
Conjurations   | 2 3 4 5 6 8 10 11 13 14 15 16 17 19 20 | 20.0
Fighting       | 1 2 3 4 7 10 12 13 14 15 17 19 | 19.9
Fire Magic     | 4 5 6 7 9 10 11 12 13 17 19 20 | 20.0
Spellcasting   | 3 4 5 7 10 11 12 13 14 15 16 17 18 19 20 | 20.0
Shields        | 1 2 3 4 5 8 10 12 14 15 | 15.0
Armour         | 4 6 7 8 10 | 10.0
Dodging        | 4 8 9 10 | 10.0
Ice Magic      | 4 |  4.0
Invocations    | 4 6 7 8 9 10 | 10.0
Summonings     | 5 10 13 15 16 | 16.5
Transmutations | 2 3 |  3.0
Earth Magic    | 5 8 |  8.0
Air Magic      | 10 | 10.1
Stealth        | |  2.0

Action                   |  1- 3 |  4- 6 |  7- 9 | 10-12 | 13-15 | 16-18 | 19-21 | 22-24 | 25-27 || total
-------------------------+-------+-------+-------+-------+-------+-------+-------+-------+-------++-------
Melee: Whip              |       |    18 |   163 |       |       |       |       |       |       ||   181
       Peck              |       |     5 |    35 |       |       |       |       |       |       ||    40
       Dagger            |       |     3 |       |       |       |       |       |       |       ||     3
       Kick              |       |     2 |    61 |       |       |       |       |       |       ||    63
       Hunting sling     |       |       |       |       |     1 |     2 |       |       |       ||     3
 Fire: Hunting sling     |       |       |    26 |   263 |   536 |   695 |   515 |    65 |    42 ||  2142
Throw: Stone             |    37 |    29 |     3 |       |       |       |       |       |       ||    69
       Throwing net      |       |       |       |       |       |       |       |       |     2 ||     2
 Cast: Flame Tongue      |    48 |    90 |   189 |   238 |    69 |    13 |       |       |       ||   647
       Throw Flame       |     1 |    28 |    85 |    68 |    17 |     2 |       |       |       ||   201
       Conjure Flame     |       |     3 |    13 |    26 |    10 |    21 |       |       |       ||    73
       Sticky Flame      |       |       |     3 |    39 |    54 |    79 |     2 |       |       ||   177
       Fireball          |       |       |       |    15 |    92 |    88 |   203 |    74 |    15 ||   487
       Throw Icicle      |       |       |       |    63 |   469 |   545 |   300 |       |       ||  1377
       Blink             |       |       |       |       |     3 |       |       |       |       ||     3
       Irradiate         |       |       |       |       |       |    28 |     6 |    10 |    21 ||    65
       Bolt of Fire      |       |       |       |       |       |    25 |    94 |    25 |    29 ||   173
       Apportation       |       |       |       |       |       |     1 |       |       |     3 ||     4
       Shadow Creatures  |       |       |       |       |       |     3 |    30 |    19 |     5 ||    57
       Summon Hydra      |       |       |       |       |       |       |    12 |       |       ||    12
       Spellforged Servi |       |       |       |       |       |       |    31 |    37 |    42 ||   110
       Iron Shot         |       |       |       |       |       |       |    79 |   243 |   308 ||   630
       Ignition          |       |       |       |       |       |       |       |     6 |    95 ||   101
       Orb of Destructio |       |       |       |       |       |       |       |       |    13 ||    13
       Deflect Missiles  |       |       |       |       |       |       |       |       |     2 ||     2
Invok: Divine Energy     |       |       |       |     1 |    16 |    10 |    12 |     5 |     9 ||    53
       Stop Divine Energ |       |       |       |       |    16 |    11 |    12 |     5 |     9 ||    53
       Channel Magic     |       |       |       |       |    12 |     5 |     9 |     1 |    14 ||    41
 Abil: Fly               |       |     1 |       |       |       |       |       |     3 |     1 ||     5
       Stop Flying       |       |       |       |       |       |       |       |     3 |     1 ||     4
Evoke: Wand              |       |       |     5 |     7 |     9 |     9 |    15 |     4 |    10 ||    59
       Phial of floods   |       |       |       |       |     3 |     1 |     1 |       |       ||     5
       Phantom mirror    |       |       |       |       |     1 |       |       |       |       ||     1
       Lamp of fire      |       |       |       |       |     2 |     1 |     2 |     1 |       ||     6
  Use: Scroll            |     4 |     6 |    12 |     7 |    12 |    10 |     9 |     7 |    26 ||    93
       Potion            |       |     1 |     1 |       |    12 |     6 |     1 |     1 |    21 ||    43
 Stab: Sleeping          |       |       |     1 |       |       |       |       |       |       ||     1
  Eat: Chunk             |     4 |    14 |    19 |    29 |    28 |    26 |    63 |    28 |    28 ||   239
       Ration            |       |       |     1 |     3 |    11 |    12 |     7 |     5 |    17 ||    56
Armor: Robe              |     2 |     9 |     3 |       |       |       |       |       |       ||    14
       Leather armour    |       |       |    11 |     3 |       |       |       |       |       ||    14
       Troll leather arm |       |       |       |    27 |    45 |       |       |       |       ||    72
       Ring mail         |       |       |       |       |    31 |   155 |    89 |    22 |       ||   297
       Quicksilver drago |       |       |       |       |       |       |       |    11 |   145 ||   156
Dodge: Dodged            |     9 |    28 |    74 |   103 |   264 |   312 |   123 |    65 |   192 ||  1170
       Deflected         |       |       |       |       |       |       |       |       |    36 ||    36
Block: Buckler           |       |     1 |    23 |    38 |    50 |       |       |       |       ||   112
       Shield            |       |       |       |       |   283 |   834 |   474 |   139 |   323 ||  2053
       Reflection        |       |       |       |       |     8 |    16 |   103 |    35 |    36 ||   198

Table legend:
 A = Non-vault XP
 B = Vault XP
 C = Vault XP percentage of total XP
 D = Non-vault monster count
 E = Vault monster count
 F = Vault count percentage of total count
                 A         B        C        D         E       F
            +---------+---------+-------+---------+---------+-------
      Total |  717220 |  619504 |  46.3 |    1516 |     775 |  33.8
            +---------+---------+-------+---------+---------+-------
        D:1 |      39 |       0 |   0.0 |      24 |       0 |   0.0
        D:2 |     129 |      41 |  24.1 |      25 |       1 |   3.8
        D:3 |     169 |       0 |   0.0 |      18 |       0 |   0.0
        D:4 |     171 |       0 |   0.0 |      11 |       0 |   0.0
        D:5 |     864 |      20 |   2.3 |      22 |       4 |  15.4
        D:6 |     750 |     272 |  26.6 |      18 |       1 |   5.3
        D:7 |     942 |     439 |  31.8 |      22 |       1 |   4.3
        D:8 |    1004 |     609 |  37.8 |      22 |      12 |  35.3
        D:9 |    3224 |     995 |  23.6 |      31 |       8 |  20.5
       D:10 |    6790 |     557 |   7.6 |      36 |      32 |  47.1
       D:11 |    6509 |     994 |  13.2 |      37 |       2 |   5.1
       D:12 |    7127 |    3021 |  29.8 |      33 |       7 |  17.5
       D:13 |    8424 |    4804 |  36.3 |      34 |      19 |  35.8
       D:14 |   17912 |    3130 |  14.9 |      40 |       9 |  18.4
       D:15 |    7709 |    4133 |  34.9 |      23 |       8 |  25.8
     Lair:1 |    3670 |    2914 |  44.3 |      21 |      12 |  36.4
     Lair:2 |    4468 |       0 |   0.0 |      11 |       0 |   0.0
     Lair:3 |    3242 |     214 |   6.2 |      14 |       1 |   6.7
     Lair:4 |    7112 |    4606 |  39.3 |      32 |       6 |  15.8
     Lair:5 |    4631 |       0 |   0.0 |      12 |       0 |   0.0
     Lair:6 |    5641 |   12393 |  68.7 |      18 |      24 |  57.1
    Swamp:1 |   13331 |       0 |   0.0 |      34 |       0 |   0.0
    Swamp:2 |   10495 |    1676 |  13.8 |      23 |       1 |   4.2
    Swamp:3 |   13937 |    1140 |   7.6 |      36 |       2 |   5.3
    Swamp:4 |    7841 |   18945 |  70.7 |      19 |      28 |  59.6
   Spider:1 |   12839 |    5944 |  31.6 |      38 |       2 |   5.0
   Spider:2 |   12264 |    2986 |  19.6 |      32 |       1 |   3.0
   Spider:3 |   20313 |       0 |   0.0 |      51 |       0 |   0.0
   Spider:4 |   17325 |   28607 |  62.3 |      47 |      55 |  53.9
      Orc:1 |    3757 |       0 |   0.0 |      43 |       0 |   0.0
      Orc:2 |    6592 |    9112 |  58.0 |      52 |      77 |  59.7
      Elf:1 |   17434 |   14429 |  45.3 |      30 |      33 |  52.4
      Elf:2 |   10484 |     886 |   7.8 |      20 |       1 |   4.8
      Elf:3 |    8121 |   45017 |  84.7 |      15 |      30 |  66.7
   Vaults:1 |   49791 |   13905 |  21.8 |      87 |      23 |  20.9
   Vaults:2 |   18526 |   33715 |  64.5 |      54 |      42 |  43.8
   Vaults:3 |   12165 |   37647 |  75.6 |      31 |      56 |  64.4
   Vaults:4 |   21507 |   23801 |  52.5 |      48 |      26 |  35.1
   Vaults:5 |   38642 |  130018 |  77.1 |      62 |      93 |  60.0
   Depths:1 |   26287 |    7181 |  21.5 |      49 |       1 |   2.0
   Depths:2 |   26196 |      50 |   0.2 |      34 |       1 |   2.9
   Depths:3 |   29971 |   68648 |  69.6 |      30 |      45 |  60.0
   Depths:4 |   25054 |   26325 |  51.2 |      25 |      26 |  51.0
   Depths:5 |       0 |   27776 | 100.0 |       0 |      23 | 100.0
      Zot:1 |   56001 |       0 |   0.0 |      43 |       0 |   0.0
      Zot:2 |   38164 |       0 |   0.0 |      19 |       0 |   0.0
      Zot:3 |   64575 |    7629 |  10.6 |      38 |       7 |  15.6
      Zot:4 |   26822 |       0 |   0.0 |      19 |       0 |   0.0
      Zot:5 |   34884 |   70639 |  66.9 |      23 |      20 |  46.5
    Abyss:2 |    3375 |       0 |   0.0 |      10 |       0 |   0.0
      Sewer |       0 |      53 | 100.0 |       0 |      23 | 100.0
   Gauntlet |       0 |    4233 | 100.0 |       0 |      12 | 100.0
            +---------+---------+-------+---------+---------+-------
